| TOP OF THE 1ST |
|
Kennewick Bear Cubs batting - Pitching for Tri-City Dust Devils : RHP Edwin Pena
|
|
Pitching: RHP Edwin Pena
|
|
|
Batting: RHB Matthew Sferrazza
|
0-0: Ball 1-0: Ball 2-0: Ball 3-0: Called Strike 3-1: SINGLE (Flyball, 8RS, EV 86.9 MPH)
|
|
Batting: LHB Steven Morris
|
0-0: Called Strike Matthew Sferrazza steals 2nd base 0-1: Called Strike 0-2: Ball 1-2: Ball 2-2: Ground out 1-3 (Groundball, 15S, EV 76.3 MPH)
|
|
Batting: LHB Jose Birriel
|
0-0: Ball 1-0: Foul Ball, location: 2F 1-1: Foul Ball, location: 2F 1-2: Fly out, F7 (Flyball, 7S, EV 92.5 MPH)
|
|
Batting: LHB Rob Nelson
|
0-0: Ball 1-0: Ball 2-0: Called Strike 2-1: Called Strike 2-2: SINGLE (Flyball, 8LS, EV 86.3 MPH) Matthew Sferrazza to third Runner from 3rd tries for Home, SAFE, throw by CF to home
|
|
Batting: RHB Ruben Machado
|
0-0: Fly out, F3 (Popup, 3SF, EV 81.3 MPH)
|
| Top of the 1st over - 1 run, 2 hits, 0 errors, 1 left on base; Kennewick 1 - Tri-City 0 |
| BOTTOM OF THE 1ST |
|
Tri-City Dust Devils batting - Pitching for Kennewick Bear Cubs : RHP Roger Clemens
|
|
Pitching: RHP Roger Clemens
|
|
|
Batting: LHB LaVel Freeman
|
0-0: Ball 1-0: Called Strike 1-1: Ball 2-1: Ball 3-1: Fly out, F8 (Flyball, 8RM, EV 83.8 MPH)
|
|
Batting: RHB Dave Lebeau
|
0-0: Ball 1-0: Foul Ball, location: 2F 1-1: Ball 2-1: Reached on error, E6 (Groundball, 6, EV 83.8 MPH)
|
|
Batting: RHB Mark Van Blaricom
|
0-0: Foul Ball, location: 2F 0-1: Ball 1-1: Fly out, F9 (Flyball, 9D, EV 90.0 MPH)
|
|
Batting: RHB Robert Martinez
|
0-0: Called Strike 0-1: Ball 1-1: Called Strike 1-2: Strikes out looking
|
| Bottom of the 1st over - 0 runs, 0 hits, 1 error, 1 left on base; Kennewick 1 - Tri-City 0 |
| TOP OF THE 2ND |
|
Kennewick Bear Cubs batting - Pitching for Tri-City Dust Devils : RHP Edwin Pena
|
|
Batting: LHB Tony Diaz
|
0-0: Called Strike 0-1: Ball 1-1: Swinging Strike 1-2: Strikes out swinging
|
|
Batting: RHB Kenneth Whitfield
|
0-0: Ball 1-0: DOUBLE (Line Drive, 89M, EV 100.0 MPH) - OUT at third base trying to stretch hit.
|
|
Batting: RHB William Nunez
|
0-0: Foul Ball, location: 2F 0-1: Called Strike 0-2: Ball 1-2: Strikes out swinging, 2-3 out at first.
|
| Top of the 2nd over - 0 runs, 1 hit, 0 errors, 0 left on base; Kennewick 1 - Tri-City 0 |
| BOTTOM OF THE 2ND |
|
Tri-City Dust Devils batting - Pitching for Kennewick Bear Cubs : RHP Roger Clemens
|
|
Batting: RHB Desmond Brooks
|
0-0: Called Strike 0-1: Swinging Strike 0-2: Foul Ball, location: 2F 0-2: Reached on error, E4 (Groundball, 4, EV 102.5 MPH)
|
|
Batting: RHB J.B. Moore
|
0-0: Called Strike 0-1: SINGLE (Line Drive, 9LS, EV 106.3 MPH) Desmond Brooks to second
|
|
Batting: LHB Kevin Jones
|
0-0: Ball 1-0: Ball 2-0: 3-RUN HOME RUN (Flyball, 7LD, EV 100.0 MPH), Distance : 348 ft
|
|
Batting: RHB Felipe Hernandez
|
0-0: SOLO HOME RUN (Flyball, 7D, EV 96.9 MPH), Distance : 376 ft
|
|
Batting: RHB Jeff DeWillis
|
0-0: Ball 1-0: Called Strike 1-1: Ground out 1-3 (Groundball, 34S, EV 69.4 MPH)
|
|
Batting: LHB LaVel Freeman
|
0-0: Ball 1-0: Swinging Strike 1-1: Foul Ball, location: 2F 1-2: Fly out, F7 (Line Drive, 7, EV 103.1 MPH)
|
|
Batting: RHB Dave Lebeau
|
0-0: Swinging Strike 0-1: Ball 1-1: Foul Ball, location: 2F 1-2: Ball 2-2: Foul Ball, location: 2F 2-2: Fly out, F9 (Flyball, 89S, EV 86.3 MPH)
|
| Bottom of the 2nd over - 4 runs, 3 hits, 1 error, 0 left on base; Kennewick 1 - Tri-City 4 |
| TOP OF THE 3RD |
|
Kennewick Bear Cubs batting - Pitching for Tri-City Dust Devils : RHP Edwin Pena
|
|
Batting: RHB Gary Tremblay
|
0-0: Ball 1-0: Called Strike 1-1: Swinging Strike 1-2: Strikes out swinging
|
|
Batting: RHB Matthew Sferrazza
|
0-0: Ball 1-0: Ball 2-0: Ball 3-0: Base on Balls
|
|
Batting: LHB Steven Morris
|
0-0: Ball 1-0: Called Strike 1-1: Foul Ball, location: 2F 1-2: Ball Passed Ball! Matthew Sferrazza to second 2-2: Fly out, F8 (Flyball, 8RD, EV 105.6 MPH)
|
|
Batting: LHB Jose Birriel
|
0-0: Called Strike 0-1: Foul Ball, location: 2F 0-2: Ball 1-2: Foul Ball, location: 2F 1-2: SINGLE (Line Drive, 8LS, EV 91.9 MPH) Matthew Sferrazza to third Runner from 3rd tries for Home, SAFE, throw by CF to home Jose Birriel to second
|
|
Batting: LHB Rob Nelson
|
0-0: Ball 1-0: Ground out U3 (Groundball, 3, EV 91.3 MPH)
|
| Top of the 3rd over - 1 run, 1 hit, 0 errors, 1 left on base; Kennewick 2 - Tri-City 4 |
| BOTTOM OF THE 3RD |
|
Tri-City Dust Devils batting - Pitching for Kennewick Bear Cubs : RHP Roger Clemens
|
|
Batting: RHB Mark Van Blaricom
|
0-0: Fly out, F7 (Flyball, 7LM, EV 89.4 MPH)
|
|
Batting: RHB Robert Martinez
|
0-0: Foul Ball, location: 2F 0-1: Ball 1-1: Ball 2-1: Ground out 1-3 (Groundball, P, EV 63.8 MPH)
|
|
Batting: RHB Desmond Brooks
|
0-0: Foul Ball, location: 2F 0-1: SINGLE (Groundball, 6MD, EV 103.8 MPH)
|
|
Batting: RHB J.B. Moore
|
0-0: Ball 1-0: Fly out, F8 (Line Drive, 8LD, EV 87.5 MPH)
|
| Bottom of the 3rd over - 0 runs, 1 hit, 0 errors, 1 left on base; Kennewick 2 - Tri-City 4 |
| TOP OF THE 4TH |
|
Kennewick Bear Cubs batting - Pitching for Tri-City Dust Devils : RHP Edwin Pena
|
|
Batting: RHB Ruben Machado
|
0-0: Ball 1-0: SINGLE (Flyball, 78S, EV 90.6 MPH)
|
|
Batting: LHB Tony Diaz
|
0-0: Ball 1-0: Ball 2-0: Foul Ball, location: 2F 2-1: Ground out 6-3 (Groundball, 6MD, EV 81.9 MPH) Ruben Machado to second
|
|
Batting: RHB Kenneth Whitfield
|
0-0: Ball 1-0: Ball 2-0: Ground out 4-3 (Groundball, 4, EV 83.1 MPH) Ruben Machado to third
|
|
Batting: RHB William Nunez
|
0-0: Fly out, F9 (Flyball, 9, EV 93.8 MPH)
|
| Top of the 4th over - 0 runs, 1 hit, 0 errors, 1 left on base; Kennewick 2 - Tri-City 4 |
| BOTTOM OF THE 4TH |
|
Tri-City Dust Devils batting - Pitching for Kennewick Bear Cubs : RHP Roger Clemens
|
|
Batting: LHB Kevin Jones
|
0-0: Called Strike 0-1: Ball 1-1: Called Strike 1-2: Foul Ball, location: 2F 1-2: Ball 2-2: Foul Ball, location: 2F 2-2: Foul Ball, location: 2F 2-2: Foul Ball, location: 2F 2-2: Foul Ball, location: 2F 2-2: Ground out U3 (Groundball, 13, EV 80.6 MPH)
|
|
Batting: RHB Felipe Hernandez
|
0-0: Swinging Strike 0-1: Ball 1-1: Foul Ball, location: 2F 1-2: Ball 2-2: Foul Ball, location: 2F 2-2: Strikes out swinging, 2-3 out at first.
|
|
Batting: RHB Jeff DeWillis
|
0-0: Swinging Strike 0-1: Swinging Strike 0-2: Foul Ball, location: 2F 0-2: Ball 1-2: Ball 2-2: Strikes out looking
|
| Bottom of the 4th over - 0 runs, 0 hits, 0 errors, 0 left on base; Kennewick 2 - Tri-City 4 |
| TOP OF THE 5TH |
|
Kennewick Bear Cubs batting - Pitching for Tri-City Dust Devils : RHP Edwin Pena
|
|
Batting: RHB Gary Tremblay
|
0-0: Foul Ball, location: 2F 0-1: Ball 1-1: Foul Ball, location: 2F 1-2: Ball 2-2: Ball 3-2: Base on Balls
|
|
Batting: RHB Matthew Sferrazza
|
0-0: Ball 1-0: Reached on error, E6 (Groundball, 6, EV 88.8 MPH) Gary Tremblay to second
|
|
Batting: LHB Steven Morris
|
0-0: Called Strike 0-1: Swinging Strike 0-2: Ball 1-2: Ball 2-2: Foul Ball, location: 2F 2-2: Ball 3-2: Base on Balls Gary Tremblay to third Matthew Sferrazza to second
|
|
Batting: LHB Jose Birriel
|
0-0: Called Strike 0-1: Ball 1-1: Called Strike 1-2: Ball 2-2: Foul Ball, location: 2F 2-2: Foul Ball, location: 2F 2-2: Strikes out looking
|
|
Batting: LHB Rob Nelson
|
0-0: Ball 1-0: Ball 2-0: Called Strike 2-1: Ball 3-1: SINGLE (Groundball, 34D, EV 93.8 MPH) Gary Tremblay scores Matthew Sferrazza to third Steven Morris to second Runner from 3rd tries for Home, SAFE, throw by RF to home
|
|
Batting: RHB Ruben Machado
|
0-0: Ball 1-0: Ground out 6-3 (Groundball, 6M, EV 86.9 MPH) Steven Morris to third Rob Nelson to second
|
|
Batting: LHB Tony Diaz
|
0-0: Intentional Walk
|
|
Batting: RHB Kenneth Whitfield
|
0-0: Ball 1-0: Ground out 5-3 (Groundball, 56S, EV 92.5 MPH)
|
| Top of the 5th over - 2 runs, 1 hit, 1 error, 3 left on base; Kennewick 4 - Tri-City 4 |
| BOTTOM OF THE 5TH |
|
Tri-City Dust Devils batting - Pitching for Kennewick Bear Cubs : RHP Roger Clemens
|
|
Batting: LHB LaVel Freeman
|
0-0: Called Strike 0-1: Ball 1-1: Called Strike 1-2: Ball 2-2: Ball 3-2: Base on Balls
|
|
Batting: RHB Dave Lebeau
|
0-0: Called Strike 0-1: Bunted foul 0-2: Ball 1-2: Grounds into double play, 6-4-3 (Groundball, 56, EV 83.8 MPH)
|
|
Batting: RHB Mark Van Blaricom
|
0-0: Called Strike 0-1: Ball 1-1: SINGLE (Groundball, 15S, EV 69.4 MPH) (infield hit)
|
|
Batting: RHB Robert Martinez
|
0-0: Ball Mark Van Blaricom steals 2nd base 1-0: Foul Ball, location: 2F 1-1: Foul Ball, location: 2F 1-2: Single, Error in OF, E7, batter to second base (Groundball, 5D, EV 106.9 MPH) Mark Van Blaricom scores
|
|
Batting: RHB Desmond Brooks
|
0-0: Ball 1-0: Ball 2-0: Ball 3-0: Base on Balls
|
|
Batting: RHB J.B. Moore
|
0-0: Ball 1-0: Ball 2-0: Called Strike 2-1: Foul Ball, location: 2F 2-2: Fly out, F8 (Flyball, 78D, EV 91.3 MPH)
|
| Bottom of the 5th over - 1 run, 2 hits, 1 error, 2 left on base; Kennewick 4 - Tri-City 5 |
| TOP OF THE 6TH |
|
Kennewick Bear Cubs batting - Pitching for Tri-City Dust Devils : RHP Edwin Pena
|
|
Batting: RHB William Nunez
|
0-0: Called Strike 0-1: Foul Ball, location: 2F 0-2: Foul Ball, location: 2F 0-2: Ball 1-2: Ball 2-2: Strikes out looking
|
|
Batting: RHB Gary Tremblay
|
0-0: Ball 1-0: Ball 2-0: Ball 3-0: Base on Balls
|
|
Batting: RHB Matthew Sferrazza
|
0-0: Ball 1-0: Ball 2-0: Called Strike 2-1: Reached on error, E6 (Groundball, 6, EV 84.4 MPH) Gary Tremblay to second
|
|
Batting: LHB Steven Morris
|
0-0: Foul Ball, location: 2F 0-1: Ball 1-1: Ball 2-1: Ball Wild Pitch! Gary Tremblay to third Matthew Sferrazza to second 3-1: Base on Balls
|
|
Batting: LHB Jose Birriel
|
0-0: GRAND SLAM HOME RUN (Flyball, 78XD, EV 100.0 MPH), Distance : 405 ft
|
|
Pitching: RHP Guillermo Perez
|
|
|
Batting: LHB Rob Nelson
|
0-0: Called Strike 0-1: Ball 1-1: Foul Ball, location: 2F 1-2: Ball 2-2: Foul Ball, location: 2F 2-2: Foul Ball, location: 2F 2-2: SOLO HOME RUN (Flyball, 7D, EV 95.6 MPH), Distance : 397 ft
|
|
Batting: RHB Ruben Machado
|
0-0: Ground out 4-3 (Groundball, 4MD, EV 100.6 MPH)
|
|
Batting: LHB Tony Diaz
|
0-0: Ball 1-0: Ground out 1-3 (Groundball, 13S, EV 65.6 MPH)
|
| Top of the 6th over - 5 runs, 2 hits, 1 error, 0 left on base; Kennewick 9 - Tri-City 5 |
| BOTTOM OF THE 6TH |
|
Tri-City Dust Devils batting - Pitching for Kennewick Bear Cubs : RHP Roger Clemens
|
|
Batting: LHB Kevin Jones
|
0-0: Ball 1-0: Called Strike 1-1: Foul Ball, location: 2F 1-2: Ball 2-2: Strikes out looking
|
|
Batting: RHB Felipe Hernandez
|
0-0: Ball 1-0: Ball 2-0: Called Strike 2-1: Foul Ball, location: 2F 2-2: Strikes out swinging
|
|
Batting: RHB Jeff DeWillis
|
0-0: SINGLE (Groundball, 6MD, EV 96.9 MPH)
|
|
Batting: LHB LaVel Freeman
|
0-0: Ball 1-0: Ball 2-0: Ball 3-0: Called Strike 3-1: Foul Ball, location: 2F 3-2: Ground out 4-3 (Groundball, 4M, EV 95.6 MPH)
|
| Bottom of the 6th over - 0 runs, 1 hit, 0 errors, 1 left on base; Kennewick 9 - Tri-City 5 |
| TOP OF THE 7TH |
|
Kennewick Bear Cubs batting - Pitching for Tri-City Dust Devils : RHP Guillermo Perez
|
|
Batting: RHB Kenneth Whitfield
|
0-0: Called Strike 0-1: Ball 1-1: Swinging Strike 1-2: Strikes out swinging
|
|
Batting: RHB William Nunez
|
0-0: Called Strike 0-1: Called Strike 0-2: Ball 1-2: SINGLE (Groundball, 6MD, EV 105.0 MPH)
|
|
Batting: RHB Gary Tremblay
|
0-0: Fly out, F8 (Flyball, 8LD, EV 95.6 MPH)
|
|
Batting: RHB Matthew Sferrazza
|
0-0: Swinging Strike 0-1: Called Strike 0-2: Foul Ball, location: 2F 0-2: Ball 1-2: Ball 2-2: Ball 3-2: Ground out 5-3 (Groundball, 56S, EV 77.5 MPH)
|
| Top of the 7th over - 0 runs, 1 hit, 0 errors, 1 left on base; Kennewick 9 - Tri-City 5 |
| BOTTOM OF THE 7TH |
|
Tri-City Dust Devils batting - Pitching for Kennewick Bear Cubs : RHP Roger Clemens
|
|
Batting: RHB Dave Lebeau
|
0-0: Called Strike 0-1: Ball 1-1: Ball 2-1: Swinging Strike 2-2: Strikes out swinging
|
|
Batting: RHB Mark Van Blaricom
|
0-0: Ball 1-0: Ball 2-0: Called Strike 2-1: Swinging Strike 2-2: Foul Ball, location: 2F 2-2: Ground out 6-3 (Groundball, 6S, EV 63.8 MPH)
|
|
Batting: RHB Robert Martinez
|
0-0: Called Strike 0-1: Foul Ball, location: 2F 0-2: Strikes out looking
|
| Bottom of the 7th over - 0 runs, 0 hits, 0 errors, 0 left on base; Kennewick 9 - Tri-City 5 |
| TOP OF THE 8TH |
|
Kennewick Bear Cubs batting - Pitching for Tri-City Dust Devils : RHP Guillermo Perez
|
|
Batting: LHB Steven Morris
|
0-0: Ball 1-0: Foul Ball, location: 2F 1-1: SINGLE (Line Drive, 8RS, EV 103.8 MPH)
|
|
Batting: LHB Jose Birriel
|
0-0: Called Strike 0-1: Fly out, F5 (Popup, 6S, EV 75.6 MPH)
|
|
Batting: LHB Rob Nelson
|
0-0: Ball 1-0: Fly out, F4 (Popup, 4MS, EV 56.9 MPH)
|
|
Batting: RHB Ruben Machado
|
0-0: Ball 1-0: Called Strike 1-1: Swinging Strike 1-2: Ball 2-2: Ball 3-2: SINGLE (Flyball, 8RS, EV 91.3 MPH) Steven Morris to second Steven Morris to third
|
|
Batting: LHB Tony Diaz
|
0-0: Ball 1-0: Ball 2-0: Fly out, F8 (Line Drive, 8LM, EV 95.6 MPH)
|
| Top of the 8th over - 0 runs, 2 hits, 0 errors, 2 left on base; Kennewick 9 - Tri-City 5 |
| BOTTOM OF THE 8TH |
|
Tri-City Dust Devils batting - Pitching for Kennewick Bear Cubs : RHP Roger Clemens
|
|
Batting: RHB Desmond Brooks
|
0-0: Ball 1-0: Called Strike 1-1: Swinging Strike 1-2: Ball 2-2: Ball 3-2: Base on Balls
|
|
Batting: RHB J.B. Moore
|
0-0: Grounds into double play, 3-6-3 (Groundball, 34, EV 91.3 MPH)
|
|
Batting: LHB Kevin Jones
|
0-0: Ball 1-0: Foul Ball, location: 2F 1-1: SOLO HOME RUN (Flyball, 89XD, EV 102.5 MPH), Distance : 434 ft
|
|
Batting: RHB Felipe Hernandez
|
0-0: Foul Ball, location: 2F 0-1: Ball 1-1: Called Strike 1-2: Strikes out swinging
|
| Bottom of the 8th over - 1 run, 1 hit, 0 errors, 0 left on base; Kennewick 9 - Tri-City 6 |
| TOP OF THE 9TH |
|
Kennewick Bear Cubs batting - Pitching for Tri-City Dust Devils : RHP Guillermo Perez
|
|
Batting: RHB Kenneth Whitfield
|
0-0: Called Strike 0-1: Swinging Strike 0-2: Ball 1-2: DOUBLE (Flyball, 8RXD, EV 107.5 MPH)
|
|
Batting: RHB William Nunez
|
0-0: Intentional Walk
|
|
Batting: RHB Gary Tremblay
|
0-0: Ball 1-0: Sac Bunt to 25 - play at first, batter OUT! 5-3 Kenneth Whitfield to third William Nunez to second
|
|
Batting: RHB Matthew Sferrazza
|
0-0: Called Strike 0-1: Called Strike 0-2: Ball 1-2: SINGLE (Groundball, 25, EV 72.5 MPH) (infield hit)
|
|
Batting: LHB Steven Morris
|
0-0: Fly out, F8 (Line Drive, 8RD, EV 98.1 MPH) Runner from 3rd tags up, SCORES, throw by CF William Nunez to third
|
|
Batting: LHB Jose Birriel
|
0-0: Ball 1-0: Called Strike 1-1: Reached on error, E2 (Groundball, 2L, EV 63.1 MPH) William Nunez scores Matthew Sferrazza to second
|
|
Pitching: RHP Jose Vazquez
|
|
|
Batting: LHB Rob Nelson
|
0-0: Ball Passed Ball! Matthew Sferrazza to third Jose Birriel to second 1-0: Ball 2-0: Called Strike 2-1: Ball 3-1: Foul Ball, location: 2F 3-2: DOUBLE (Line Drive, 89D, EV 106.3 MPH) Matthew Sferrazza scores Jose Birriel scores
|
|
Pinch Hitting: RHB Jesus Lora
|
0-0: Foul Ball, location: 2F 0-1: Ball 1-1: Ball 2-1: Foul Ball, location: 2F 2-2: Ball 3-2: Ground out 6-3 (Groundball, 56, EV 113.1 MPH)
|
| Top of the 9th over - 4 runs, 3 hits, 1 error, 1 left on base; Kennewick 13 - Tri-City 6 |
| BOTTOM OF THE 9TH |
|
Tri-City Dust Devils batting - Pitching for Kennewick Bear Cubs : RHP Roger Clemens
|
|
Now at 3B: Jesus Lora
|
|
|
Pinch Hitting: RHB Michael Henson
|
0-0: Ball 1-0: Ball 2-0: Ball 3-0: Ground out 4-3 (Groundball, 4, EV 100.0 MPH)
|
|
Pinch Hitting: RHB Jonas Guerrero
|
0-0: Swinging Strike 0-1: Called Strike 0-2: Foul Ball, location: 2F 0-2: Strikes out swinging
|
|
Pinch Hitting: LHB George Priftis
|
0-0: Called Strike 0-1: Reached on error, E4 (Groundball, 4M, EV 85.0 MPH)
|
|
Pinch Hitting: RHB Bill Lucas
|
0-0: Foul Ball, location: 2F 0-1: Foul Ball, location: 2F 0-2: Ball 1-2: Ball 2-2: SINGLE (Line Drive, 89S, EV 100.0 MPH) George Priftis to third
|
|
Batting: RHB Robert Martinez
|
0-0: Ball 1-0: Ball 2-0: Foul Ball, location: 2F 2-1: Fielders Choice at 2nd, 6-4 (Groundball, 6, EV 88.8 MPH)
|
| Bottom of the 9th over - 0 runs, 1 hit, 1 error, 2 left on base; Kennewick 13 - Tri-City 6 |
|